 Dungeon Crawl Stone Soup version 0.18-a0-1523-gbe15c29 (webtiles) character file.

78 Ijustatesigmund the Insei (level 4, 0/30 HPs)
             Began as an Octopode Transmuter on Mar 7, 2016.
             Slain by a jackal (1 damage)
             ... on level 2 of the Dungeon.
             The game lasted 00:04:18 (1891 turns).

Ijustatesigmund the Insei (Octopode Transmuter)     Turns: 1891, Time: 00:04:18

Health: 0/30       AC:  1    Str:  9    XL:     4   Next: 36%
Magic:  7/7        EV: 12    Int: 16    God:
Gold:   89         SH:  0    Dex: 12    Spells: 3 memorised, 1 level left

rFire  . . .     SeeInvis .       - Unarmed
rCold  . . .     Gourm    .     (no shield)
rNeg   . . .     Faith    .     (helmet restricted)
rPois  .         Spirit   .     (no amulet)
rElec  .         Dismiss  .     (no ring)
rCorr  .         Reflect  .     (no ring)
SustAt .         Harm     .     (no ring)
MR     .....                    (no ring)
Stlth  ++........               (no ring)
                                (no ring)
                                (no ring)
                                (no ring)

@: very slightly contaminated, not resistant to hostile enchantments, unstealthy
A: almost no armour, amphibious, 8 rings, constrict 8, camouflage 1, gelatinous
body 1
a: no special abilities


You were on level 2 of the Dungeon.
You were not hungry.

You visited 1 branch of the dungeon, and saw 3 of its levels.

You collected 89 gold pieces.

Inventory:

Missiles
 a - 12 arrows
Scrolls
 i - 2 scrolls of remove curse
Potions
 d - 2 potions of flight {unknown}
 e - a potion of invisibility {unknown}
 f - a potion of might {unknown}
 h - a potion of haste {unknown}
 j - a potion of berserk rage {unknown}
 k - a potion of cancellation {unknown}
Books
 b - a book of Changes

   Spells                             Type                      Level
   a - Beastly Appendage              Transmutation                1
   b - Sticks to Snakes               Transmutation                2
   c - Spider Form                    Transmutation/Poison         3
   d - Ice Form                       Ice/Transmutation            4
   e - Blade Hands                    Transmutation                5
Comestibles
 c - a bread ration
 g - 3 chunks of flesh


   Skills:
 + Level 2.6 Fighting
 - Level 2.0 Dodging
 + Level 4.0 Unarmed Combat
 - Level 2.0 Spellcasting
 - Level 2.0 Transmutations
 + Level 1.3 Poison Magic


You had one spell level left.
You knew the following spells:

 Your Spells              Type           Power        Failure   Level  Hunger
a - Beastly Appendage     Trmt           #.....       10%         1    #......
b - Sticks to Snakes      Trmt           #.......     14%         2    ###....
c - Spider Form           Trmt/Pois      #.........   34%         3    ###....


Dungeon Overview and Level Annotations

Branches:
Dungeon (3/15)

Altars:
Elyvilon


Innate Abilities, Weirdness & Mutations

You cannot wear most types of armour.
You are amphibious.
You can wear up to eight rings at the same time.
You can use your tentacles to constrict eight enemies at once.
Your skin changes colour to match your surroundings (Stealth).
Your rubbery body absorbs attacks (AC +1).


Message History

The jackal bites you.
* * * LOW HITPOINT WARNING * * *
You barely miss the jackal. Your grab misses the jackal.
Your tentacle-slap misses the jackal.
The jackal completely misses you. The jackal barely misses you. x2
You tentacle-slap the jackal. Your grab misses the jackal.
The jackal is moderately wounded.
The jackal bites you.
* * * LOW HITPOINT WARNING * * *
The jackal closely misses you.
You tentacle-slap the jackal. Your grab misses the jackal.
Your tentacle-slap misses the jackal.
Your squeeze misses the jackal.
The jackal is almost dead.
The jackal bites you.
* * * LOW HITPOINT WARNING * * *
The jackal bites you.
* * * LOW HITPOINT WARNING * * *
The jackal bites you but does no damage.
The jackal bites you.
You die...

รท....# #.#.........# #.........
.....# #.#.#######.# ###.######
.....# #.#.# #.# #.#
....######.#.# #.#####.#
###..........# #.......#
.........#.#.# #.#####.#
########.#.#.# #.# #.#
####.#.#.#######.# #.#
##......#...h@h...#####.#
##.....##.....#######....######
#.......#.###.#######.#........
#.........# #.........#..######
#.........###.#########........
###.)....##................######
....#.......#..............#
###########...##############
#####


You could see 2 jackals.

Vanquished Creatures
  2 adders
  An ooze (D:2)
  3 worms (D:2)
  2 dart slugs
  A giant gecko (D:1)
  A ball python (D:2)
  3 giant cockroaches
  2 hobgoblins (D:1)
  3 jackals (D:2)
  2 quokkas (D:2)
  9 bats
  2 giant newts (D:2)
  2 goblins (D:1)
  5 kobolds
  6 rats (D:1)
44 creatures vanquished.

Notes
Turn   | Place    | Note
--------------------------------------------------------------
     0 | D:1      | Ijustatesigmund the Octopode Transmuter began the quest for the Orb.
     0 | D:1      | Reached XP level 1. HP: 13/13 MP: 3/3
   177 | D:1      | Reached XP level 2. HP: 16/18 MP: 5/5
   666 | D:1      | Reached XP level 3. HP: 24/24 MP: 6/6
   670 | D:1      | Learned a level 2 spell: Sticks to Snakes
   674 | D:1      | Learned a level 3 spell: Spider Form
  1336 | D:2      | Found a white marble altar of Elyvilon.
  1448 | D:2      | Reached skill level 4 in Unarmed Combat
  1526 | D:2      | Reached skill level 1 in Poison Magic
  1526 | D:2      | Reached XP level 4. HP: 9/30 MP: 7/7
  1891 | D:2      | HP: 1/30 [jackal (1)]
  1891 | D:2      | Slain by a jackal

Vault maps used:
D:1:      dpeg_arrival_brainrot
D:2:      elyvilon_altar_4
D:3:      lemuel_old_faithful

Skill      XL: |  1  2  3 |
---------------+----------+-----
Fighting       | 2 |  2.6
Unarmed Combat | 4 |  4.0
Poison Magic   | 1 |  1.3
Dodging        | |  2.0
Spellcasting   | |  2.0
Transmutations | |  2.0

Action                   |  1- 3 |  4- 6 || total
-------------------------+-------+-------++-------
Melee: Unarmed           |   101 |    20 ||   121
 Cast: Beastly Appendage |       |     1 ||     1
  Use: Scroll            |     4 |       ||     4
       Potion            |       |     1 ||     1
 Stab: Sleeping          |     7 |       ||     7
  Eat: Chunk             |     2 |     1 ||     3
